 Dungeon Crawl Stone Soup version 0.18.1-5-g4a78601 (webtiles) character file.

692 GodzillaBlitz the Covert (level 7, 0/32 HPs)
             Began as a Spriggan Enchanter on May 12, 2016.
             Slain by a cyan ugly thing (7 damage)
             ... on level 7 of the Dungeon.
             The game lasted 00:11:04 (2708 turns).

GodzillaBlitz the Covert (Spriggan Enchanter)       Turns: 2708, Time: 00:11:05

Health: 0/32       AC:  4    Str:  4    XL:     7   Next: 36%
Magic:  7/15       EV: 18    Int: 19    God:
Gold:   130        SH:  0    Dex: 16    Spells: 5 memorised, 4 levels left

rFire  . . .     SeeInvis +     a - +2 dagger
rCold  . . .     Gourm    .     b - +1 robe
rNeg   + . .     Faith    .     (shield restricted)
rPois  .         Spirit   .     (helmet restricted)
rElec  .         Dismiss  .     x - +0 cloak
rCorr  .         Reflect  .     (gloves unavailable)
SustAt +         Harm     .     (boots unavailable)
MR     +....                    (no amulet)
Stlth  +++++.....               u - ring of positive energy
                                q - ring of sustain attributes

@: very slightly contaminated, hasted, very quick, somewhat resistant to hostile
enchantments, quite stealthy
A: unfitting armour, see invisible, herbivore 3, speed 3, slow metabolism 2
a: no special abilities


You were on level 7 of the Dungeon.
You were not hungry.

You visited 1 branch of the dungeon, and saw 8 of its levels.

You collected 130 gold pieces.

Inventory:

Hand Weapons
 a - a +2 dagger (weapon)
 m - a +0 blowgun
 r - a +1 hand axe of chopping
Missiles
 l - 10 poisoned needles
Armour
 b - a +1 robe (worn)
 x - a +0 cloak (worn)
 z - a +0 buckler
Jewellery
 q - a ring of sustain attributes (left hand)
 u - a ring of positive energy (right hand)
 A - an uncursed amulet of dismissal {unknown}
Wands
 y - a wand of teleportation (7/9)
Scrolls
 e - a scroll of amnesia
 j - 2 scrolls of identify
 n - 3 scrolls of remove curse
 w - 2 scrolls of recharging
Potions
 h - a potion of curing
 i - a potion of flight
 o - a potion of degeneration
 v - a potion of berserk rage
Books
 c - a book of Maledictions

   Spells                             Type                      Level
   a - Corona                         Hexes                        1
   b - Ensorcelled Hibernation        Hexes/Ice                    2
   c - Confuse                        Hexes                        3
   d - Tukima's Dance                 Hexes                        3
   e - Dazzling Spray                 Conjuration/Hexes            3
Comestibles
 d - 7 bread rations
 g - a slice of pizza
 k - 2 fruits
 t - a meat ration


   Skills:
 - Level 1.1 Short Blades
 - Level 3.0 Dodging
 * Level 10.3 Stealth
 - Level 5.0 Spellcasting
 + Level 6.0 Hexes


You had 4 spell levels left.
You knew the following spells:

 Your Spells              Type           Power        Failure   Level  Hunger
a - Corona                Hex            ####...      1%          1    None
b - Ensorcelled Hibernat  Hex/Ice        ###...       8%          2    #......
c - Confuse               Hex            ####....     3%          3    ##.....
d - Tukima's Dance        Hex            ####....     3%          3    ##.....
e - Dazzling Spray        Conj/Hex       ###.....     12%         3    ##.....


Dungeon Overview and Level Annotations

Branches:
Dungeon (8/15)
 Temple: D:4-7         Lair: D:8-11

Altars:
Elyvilon
Nemelex Xobeh
Pakellas
Ru

Shops:
D:6 *

Portals:
Bailey: D:8

Annotations:
D:3 rutigerpupkin's ghost, amateur GrFi
D:8 Erica


Innate Abilities, Weirdness & Mutations

You are tiny and cannot use many weapons and most armour.
You have supernaturally acute eyesight.
You are a herbivore.
You cover ground extremely quickly.
You need consume almost no food.


Message History

The cyan ugly thing misses you. The killer bee misses you.
Casting: Ensorcelled Hibernation
Confirm with . or Enter, or press ? or * to list all spells.
Aiming: Ensorcelled Hibernation
Press: ? - help, Shift-Dir - straight line, f - killer bee
Aim: a killer bee (chance to defeat MR: 55%)
The killer bee resists with significant effort.
The killer bee closely misses you. The cyan ugly thing barely misses you.
Casting: Ensorcelled Hibernation
Confirm with . or Enter, or press ? or * to list all spells.
Aiming: Ensorcelled Hibernation
Press: ? - help, Shift-Dir - straight line, f/p - killer bee
Aim: a killer bee (chance to defeat MR: 55%)
The killer bee looks drowsy...
The helpless killer bee fails to defend itself.
You stick the killer bee like a pincushion!!!
You kill the killer bee!
Your Hexes skill increases to level 6!
The cyan ugly thing gores you!
You die...

........## #####
###.###..#
....############.####..
.......................
###y############.######
#..# #.# # ##.# #.# #
#.###########.#
#.†@u..."......
#####.......... #######
#.......... ......#
#........Z.# ......#
##.......... .<....#
##.......... # ......#
##..y../...... ##
......# #.......####.#
###l ......# #.....?.#
#.###...


You could see a cyan ugly thing.

Vanquished Creatures
  A spriggan (D:7)
  2 centaurs
  3 killer bees (D:7)
  A crimson imp (D:5)
  A giant frog skeleton (D:6)
  3 jellies (D:6)
  2 worker ants
  An adder (D:3)
  An ooze (D:2)
  A worm (D:3)
  A dart slug (D:3)
  2 giant geckos (D:3)
  3 orcs
  2 giant cockroaches
  2 goblins
  3 hobgoblins
  2 jackals
  2 quokkas
  4 bats
  A giant newt (D:2)
  A jackal zombie (D:6)
  2 kobolds
  9 rats
50 creatures vanquished.

Notes
Turn   | Place    | Note
--------------------------------------------------------------
     0 | D:1      | GodzillaBlitz the Spriggan Enchanter began the quest for the Orb.
     0 | D:1      | Reached XP level 1. HP: 9/9 MP: 5/5
   299 | D:2      | Reached skill level 5 in Stealth
   299 | D:2      | Reached XP level 2. HP: 13/13 MP: 7/7
   414 | D:3      | Learned a level 2 spell: Ensorcelled Hibernation
   936 | D:3      | Reached XP level 3. HP: 16/16 MP: 8/8
  1205 | D:3      | Noticed rutigerpupkin's ghost (amateur GrFi)
  1261 | D:4      | Reached skill level 6 in Stealth
  1261 | D:4      | Reached XP level 4. HP: 21/21 MP: 5/10
  1309 | D:5      | Entered Level 5 of the Dungeon
  1528 | D:5      | Noticed a centaur
  1530 | D:5      | Killed a centaur
  1530 | D:5      | Reached skill level 7 in Stealth
  1530 | D:5      | Reached XP level 5. HP: 24/24 MP: 12/12
  1595 | D:7      | Noticed an ogre
  1624 | D:6      | Found a sacrificial altar of Ru.
  1672 | D:6      | Found Hepsiq's Assorted Antiques.
  1693 | D:6      | Reached skill level 5 in Hexes
  1693 | D:6      | Reached XP level 6. HP: 28/28 MP: 10/14
  1753 | D:6      | Found an oddly glowing altar of Pakellas.
  1754 | D:6      | Reached skill level 8 in Stealth
  2083 | D:7      | Reached skill level 5 in Spellcasting
  2097 | D:7      | Learned a level 3 spell: Confuse
  2101 | D:7      | Learned a level 3 spell: Tukima's Dance
  2105 | D:7      | Learned a level 3 spell: Dazzling Spray
  2133 | D:7      | Noticed a komodo dragon
  2138 | D:8      | Found a flagged portal.
  2141 | D:8      | Found a white marble altar of Elyvilon.
  2161 | D:8      | Noticed a yak
  2164 | D:8      | Noticed a yak
  2165 | D:8      | Noticed a yak
  2206 | D:8      | Noticed a yak
  2206 | D:8      | Noticed a yak
  2212 | D:8      | Noticed a yak
  2215 | D:8      | Noticed a water moccasin
  2234 | D:8      | Noticed Erica
  2530 | D:7      | Noticed a spriggan baker
  2532 | D:7      | Killed a spriggan baker
  2532 | D:7      | Reached skill level 9 in Stealth
  2532 | D:7      | Reached XP level 7. HP: 32/32 MP: 15/15
  2584 | D:7      | Noticed a cyan ugly thing
  2600 | D:7      | Found a sparkling altar of Nemelex Xobeh.
  2705 | D:7      | Reached skill level 10 in Stealth
  2708 | D:7      | Slain by a cyan ugly thing

Skill      XL: |  1  2  3  4  5  6  7 |
---------------+----------------------+-----
Stealth        | 5 6 7 9 10 | 10.3
Spellcasting   | 3 4 5 |  5.0
Hexes          | 4 5 6 |  6.0
Short Blades   | |  1.1
Dodging        | |  3.0

Action                   |  1- 3 |  4- 6 |  7- 9 || total
-------------------------+-------+-------+-------++-------
Melee: Dagger            |    61 |    22 |     4 ||    87
 Cast: Ensorcelled Hiber |     7 |    12 |     4 ||    23
       Confuse           |       |     2 |       ||     2
  Use: Scroll            |       |     9 |     1 ||    10
       Potion            |       |     1 |     1 ||     2
 Stab: Sleeping          |    22 |    17 |     3 ||    42
Armor: Robe              |     5 |     1 |     1 ||     7
Dodge: Dodged            |    44 |    12 |    10 ||    66
